 Dungeon Crawl Stone Soup version 0.19.5 (webtiles) character file.

243 McKennaii the Skirmisher (level 5, -2/43 HPs)
             Began as a Demonspawn Abyssal Knight on Apr 28, 2017.
             Was a Believer of Lugonu.
             Killed by a spatial distortion (3 damage)
             ... on level 3 of the Dungeon.
             The game lasted 00:07:09 (3050 turns).

McKennaii the Skirmisher (DsAK)                     Turns: 3050, Time: 00:07:09

Health: -2/43      AC:  6    Str: 12    XL:     5   Next: 82%
Magic:  4/6        EV:  9    Int: 13    God:    Lugonu [**....]
Gold:   91         SH:  0    Dex: 14    Spells: 0 memorised, 4 levels left

rFire  . . .     SeeInvis .     a - +1 falchion
rCold  . . .     Gourm    .     j - +0 scale mail
rNeg   . . .     Faith    .     (no shield)
rPois  .         Spirit   .     (no helmet)
rElec  .         Reflect  .     (no cloak)
rCorr  .         Harm     .     (no gloves)
MR     .....                    (no boots)
Stlth  ..........               (no amulet)
                                (no ring)
                                (no ring)

@: no status effects
A: hooves 1, powered by death 1
a: Depart the Abyss, Bend Space, Renounce Religion


You were on level 3 of the Dungeon.
You worshipped Lugonu.
Lugonu was pleased with you.
You were hungry.

You visited 1 branch of the dungeon, and saw 3 of its levels.
You visited the Abyss 1 time.

You collected 91 gold pieces.

Inventory:

Hand Weapons
 a - a +1 falchion (weapon)
Armour
 j - a +0 scale mail (worn)
Jewellery
 b - an uncursed ring of magical power {unknown}
Wands
 m - a wand of enslavement (12/24)
 s - a wand of enslavement (15/24)
Scrolls
 d - a scroll of teleportation {unknown}
 e - 2 scrolls of magic mapping {unknown}
 g - a scroll of enchant armour {unknown}
 h - 2 scrolls of identify {unknown}
 l - a scroll of fear {unknown}
 o - a scroll of amnesia {unknown}
 q - a scroll of fog {unknown}
 r - a scroll of remove curse {unknown}
Potions
 k - 3 potions of agility {unknown}
 n - a potion of cancellation {unknown}
Comestibles
 c - 5 bread rations
 f - a beef jerky
 i - 7 fruits
 p - a meat ration


   Skills:
 + Level 4.4 Fighting
 + Level 3.4 Long Blades
 + Level 3.1 Armour
 + Level 1.6 Dodging
 + Level 2.6 Invocations


You had 4 spell levels left.
You didn't know any spells.

Dungeon Overview and Level Annotations

Branches:
Dungeon (3/15)

Altars:
Nemelex Xobeh
Trog
Yredelemnul
The Shining One


Innate Abilities, Weirdness & Mutations

You have large cloven feet.
You regenerate a little health from kills.


Message History

You kill the orc!
Lugonu accepts your kill. The hobgoblin hits you.
* * * LOW HITPOINT WARNING * * *
The orc hits you.
* * * LOW HITPOINT WARNING * * *
The big kobold hits you with a short sword.
* * * LOW HITPOINT WARNING * * *
The orc wizard closely misses you.
You riposte.
You hit the orc wizard.
The orc wizard is severely wounded.
You aren't in the Abyss!
Unknown command.
Space bends around you!
You blink.
* * * LOW HITPOINT WARNING * * *
Space bends around you!
You blink.
* * * LOW HITPOINT WARNING * * *
The kobold barely misses you. The orc hits you but does no damage.
The kobold closely misses you. Space bends around you!
You blink.
You die...

..#..##.[...###.....######+####
#.#..##.#.#.# #.....# #.######
.....##.....###.....######.......
............##........##.....#.#.
..###........+........##.....'.#.
..#####.#....#.(......##.....###.
...÷.........'.......(').....# #.
..###........#........##.....# #.
.............#..@.....##.....# #.
..###........#..K.÷...##.....# #.
..# #........#.§)g)...##K....# #.
..# #........#Koo§K...##.K...# #.
..# ############K.######.....####
..##############go...(.........##
............(...o...........##..#
.#######..###(##.###..##....###.#
...######.###).#..###)##....###..


You could see 2 big kobolds, an orc priest, an orc wizard, 2 orcs, 2 hobgoblins
and 2 kobolds.

Vanquished Creatures
  8 adders
  6 gnolls
  An ooze (D:3)
  2 worms (D:2)
  A leopard gecko (D:3)
  4 orcs (D:3)
  A ball python (D:1)
  2 giant cockroaches (D:3)
  26 goblins
  17 hobgoblins
  6 jackals
  8 kobolds
  4 bats
  6 frilled lizards
  5 rats
97 creatures vanquished.

Notes
Turn   | Place    | Note
-------+----------+-------------------------------------------
     0 | Abyss:1  | McKennaii the Demonspawn Abyssal Knight began the quest for the Orb.
     0 | Abyss:1  | Reached XP level 1. HP: 18/18 MP: 2/2
    99 | Abyss:1  | Noticed an ancient zyme
   173 | Abyss:2  | Noticed an ancient zyme
   173 | D:1      | Escaped the Abyss
   328 | D:1      | Reached * piety under Lugonu
   328 | D:1      | Gained mutation: You have large cloven feet. [demonic ancestry]
   328 | D:1      | Reached XP level 2. HP: 22/24 MP: 3/3
   844 | D:1      | Reached skill level 1 in Dodging
   844 | D:1      | Reached XP level 3. HP: 4/29 MP: 4/4
   943 | D:2      | Found a glowing golden altar of the Shining One.
  1149 | D:2      | Gained mutation: You regenerate a little health from kills. [demonic ancestry]
  1149 | D:2      | Reached XP level 4. HP: 5/37 MP: 5/5
  1499 | D:2      | Found a bloodstained altar of Trog.
  1885 | D:2      | Found a basalt altar of Yredelemnul.
  2025 | D:3      | Reached skill level 4 in Fighting
  2164 | D:3      | Reached ** piety under Lugonu
  2215 | D:3      | Reached XP level 5. HP: 39/42 MP: 6/6
  2551 | D:3      | Found a sparkling altar of Nemelex Xobeh.
  3048 | D:3      | HP: 2/43 [spatial distortion (1)]
  3050 | D:3      | Killed by a spatial distortion

Skill      XL: |  1  2  3  4  5 |
---------------+----------------+-----
Armour         | 2 3 |  3.1
Long Blades    | 2 3 |  3.4
Dodging        | 1 |  1.6
Fighting       | 4 |  4.4
Invocations    | |  2.6

Action                   |  1- 3 |  4- 6 || total
-------------------------+-------+-------++-------
Melee: Falchion          |    95 |   252 ||   347
       Kick              |    15 |    66 ||    81
Invok: Depart the Abyss  |     1 |       ||     1
       Bend Space        |       |     2 ||     2
  Use: Potion            |     2 |       ||     2
  Eat: Chunk             |       |     7 ||     7
Armor: Leather armour    |     8 |       ||     8
       Skin              |     5 |       ||     5
       Scale mail        |    34 |   148 ||   182
Dodge: Dodged            |    60 |   159 ||   219
       Rpst.: Falchion   |    17 |    52 ||    69
